 Dungeon Crawl Stone Soup version 0.26-a0-852-g6321bf7485 (webtiles) character file.

Game seed: 3518701924020021421

50 muata the Sneak (level 3, -1/22 HPs)
             Began as a Vampire Brigand on Nov 21, 2020.
             Slain by a worm (2 damage)
             ... on level 2 of the Dungeon on Nov 22, 2020.
             The game lasted 00:05:17 (1014 turns).

muata the Sneak (Vampire Brigand)                   Turns: 1014, Time: 00:05:18

Health: -1/22      AC:  5    Str: 10    XL:     3   Next: 55%
Magic:  3/3        EV: 11    Int: 13    God:
Gold:   43         SH:  0    Dex: 16    Spells: 2/2 levels left

rFire    . . .     SeeInvis +   a - +2 dagger
rCold    + + .     Faith    .   (no shield)
rNeg     + + +     Spirit   .   o - +0 leather armour
rPois    ∞         Reflect  .   (no helmet)
rElec    .         Harm     .   c - +0 cloak
rCorr    .         Rampage  .   (no gloves)
MR       .....                  p - +0 pair of boots
Stlth    +++++.....             (no amulet)
HPRegen  0.00/turn              (no ring)
MPRegen  0.08/turn              (no ring)

@: bloodless
A: fangs 3, see invisible, unbreathing
a: Bat Form, Revivify


You were on level 2 of the Dungeon.
You visited 1 branch of the dungeon, and saw 2 of its levels.

You collected 43 gold pieces.

Inventory:

Hand Weapons
 a - a +2 dagger (weapon)
Missiles
 d - 8 poisoned darts (quivered)
 e - 2 curare-tipped darts
 j - 67 stones
Armour
 b - a +0 robe
 c - a +0 cloak (worn)
 o - a +0 leather armour (worn)
 p - a +0 pair of boots (worn)
Scrolls
 f - 3 scrolls of remove curse {unknown}
 g - a scroll of random uselessness {unknown}
 k - 3 scrolls of identify {unknown}
 l - 2 scrolls of magic mapping {unknown}
 m - a scroll of noise {unknown}
 n - 3 scrolls of enchant armour {unknown}
 q - a scroll of immolation {unknown}
Potions
 h - 2 potions of lignification {unknown}
 i - a potion of curing {unknown}


   Skills:
 + Level 2.5 Fighting
 + Level 3.0 Short Blades
 - Level 1.5 Throwing
 - Level 1.1 Dodging
 + Level 6.7 Stealth


You had 2 spell levels left.
You didn't know any spells.
Your spell library was empty.

Dungeon Overview and Level Annotations

Branches:
Dungeon (2/15)

Altars:


Innate Abilities, Weirdness & Mutations

You do not regenerate when monsters are visible.
You are frail without blood (-20% HP).
You can heal yourself when you bite living creatures.
You are immune to poison.
You have razor-sharp teeth.
You have supernaturally acute eyesight. (SInv)
You can survive without breathing.


Message History

You hit the worm but do no damage.
The worm is heavily wounded.
The kobold closely misses you.
You hit the worm.
The worm is heavily wounded.
The worm bites you!
* * * LOW HITPOINT WARNING * * *
You hit the worm.
The worm is severely wounded.
The kobold hits you but does no damage.
You barely miss the worm. You bite the worm, but do no damage.
The worm is severely wounded.
The worm bites you but does no damage. The kobold barely misses you.
You barely miss the worm.
The worm is severely wounded.
The kobold hits you but does no damage.
You hit the worm.
The worm is severely wounded.
The worm bites you.
You die...

##..##.####...###
##......#>.###
###......##
###...##
#....##### ##
#........## .#
#.#....#..# .#
...#
#.####.##.###...#
##.# ..#
#.##K@w....# #
...##
#.##.....### .#
#.##..##.>.# #
#.##..# ..# .
#.#..## .# #
#....# # # ####.#
#. .


You could see a worm and a kobold.

Vanquished Creatures
  An adder (D:2)
  2 dart slugs (D:1)
  3 bats
  A giant cockroach (D:1)
  7 goblins
  4 hobgoblins
  7 jackals (D:1)
  2 kobolds (D:1)
  A frilled lizard (D:1)
  3 rats (D:1)
31 creatures vanquished.

Notes
Turn   | Place    | Note
-------+----------+-------------------------------------------
     0 | D:1      | muata the Vampire Brigand began the quest for the Orb.
     0 | D:1      | Reached XP level 1. HP: 16/16 MP: 1/1
   103 | D:1      | Reached skill level 6 in Stealth
   162 | D:1      | Reached XP level 2. HP: 19/22 MP: 2/2
   176 | D:1      | Upgraded the game from 0.26-a0-850-g97a50ab700 to
                  | 0.26-a0-852-g6321bf7485
   397 | D:1      | Reached XP level 3. HP: 28/28 MP: 3/3
   846 | D:2      | Found a faded altar of an unknown god.
  1010 | D:2      | HP: 1/22 [worm (10)]
  1014 | D:2      | Slain by a worm

Illustrated notes

Levels and vault maps discovered:
D:1:      dpeg_arrival_tiny_a, layout_loops_cross, minmay_box_of_dots
D:2:      layout_rooms, serial_corexii_hall, corexii_hall_statues_deadend,
          corexii_hall_statues_l, chequers_ecumenical_altar_simple_redux,
          uniq_terence, uniq_jessica, uniq_robin

Skill      XL: |  1  2  3 |
---------------+----------+-----
Stealth        | 6 |  6.7
Fighting       | 2 |  2.5
Short Blades   | 3 |  3.0
Throwing       | |  1.5
Dodging        | |  1.1

Action                   || total
-------------------------++-------
Melee: Dagger            ||   110
       Bite              ||     9
 Abil: Exsanguinate      ||     2
 Stab: Sleeping          ||     9
Armor: Robe              ||    10
       Leather armour    ||    12
Dodge: Dodged            ||    59

Table legend: (Time is in decaauts)
 A = Elapsed time spent in this place.
 B = Non-inter-level travel time spent in this place.
 C = Inter-level travel time spent in this place.
 D = Time resting spent in this place.
 E = Time spent auto-exploring this place.
 F = Levels seen in this place.
 G = Mean time per level.
                   A        B        C        D        E       F      G
               +--------+--------+--------+--------+--------+-----+--------+
         Total |    998 |    920 |     78 |     68 |    440 |   2 |  499.0 |
       Dungeon |    998 |    920 |     78 |     68 |    440 |   2 |  499.0 |
               +--------+--------+--------+--------+--------+-----+--------+

Top non-repeatable levels by time:
     D:1: 835 daAuts
     D:2: 163 daAuts
